 Dungeon Crawl Stone Soup version 0.24.0-13-gcf9b3192b9 (webtiles) character file.

Game seed: 8162222210298377567, levelgen mode: deterministic

180 Midas the Cudgeler (level 5, 0/38 HPs)
             Began as a Formicid Warper on Nov 10, 2019.
             Was a Believer of Ru.
             Slain by Edmund
             ... wielding a +3 dire flail of protection
              (10 damage)
             ... on level 4 of the Dungeon.
             The game lasted 00:08:47 (4574 turns).

Midas the Cudgeler (Formicid Warper)                Turns: 4574, Time: 00:08:47

Health: 0/38       AC:  9    Str: 18    XL:     5   Next: 91%
Magic:  8/8        EV:  7    Int: 12    God:    Ru [**....]
Gold:   197        SH:  0    Dex: 10    Spells: 8/8 levels left

rFire    . . .     SeeInvis +   q - +1 mace (holy)
rCold    . . .     Gourm    .   (no shield)
rNeg     . . .     Faith    .   h - +0 chain mail
rPois    .         Spirit   .   (helmet unavailable)
rElec    .         Reflect  .   (no cloak)
rCorr    .         Harm     .   r - +0 pair of gloves
MR       .....                  (no boots)
Stlth    ..........             (no amulet)
HPRegen  0.12/turn              (no ring)
MPRegen  0.11/turn              (no ring)

@: no status effects
A: permanent stasis, dig shafts and tunnels, four strong arms, antennae 3,
inexperienced 1
a: Dig, Shaft Self, Renounce Religion


You were on level 4 of the Dungeon.
You worshipped Ru.
Ru was pleased with you.
You were not hungry.

You visited 1 branch of the dungeon, and saw 4 of its levels.

You collected 197 gold pieces.

Inventory:

Hand Weapons
 q - a +1 mace of holy wrath (weapon)
 s - a +0 morningstar
Missiles
 e - 2 boomerangs of dispersal (quivered)
 i - 13 poisoned darts
Armour
 b - a +0 leather armour
 h - a +0 chain mail (worn)
 r - a +0 pair of gloves (worn)
Jewellery
 a - a +3 ring of evasion {unknown}
 p - an uncursed ring of stealth {unknown}
Scrolls
 d - a scroll of blinking
 g - a scroll of identify
 k - a scroll of remove curse {unknown}
 l - a scroll of fog
 o - a scroll of enchant weapon {unknown}
 u - a scroll of teleportation {unknown}
Potions
 c - 3 potions of berserk rage
 j - a potion of flight
 m - a potion of curing
 n - a potion of lignification
 t - a potion of might
 v - a potion of heal wounds {unknown}
Comestibles
 f - 5 rations


   Skills:
 - Level 2.1 Fighting
 + Level 6.8 Maces & Flails
 - Level 1.0 Throwing
 - Level 1.1 Armour
 - Level 1.7 Dodging
 - Level 2.1 Spellcasting
   Level 2.6 Translocations


You had 8 spell levels left.
You didn't know any spells.
Your spell library contained the following spells:

 Spells                   Type           Power        Failure   Level  Hunger
 Shroud of Golubria       Chrm/Tloc      #.....       98%         2    ###....
 Gell's Gravitas          Tloc           #.........   99%         3    ####...
 Lesser Beckoning         Tloc           #.........   99%         3    ####...
 Teleport Other           Tloc           #.......     99%         3    ####...
 Passage of Golubria      Tloc           N/A          100%        4    #####..
 Blink                    Tloc           Unusable     N/A         2    N/A

Dungeon Overview and Level Annotations

Branches:
Dungeon (4/15)
 Temple: D:4-7

Altars:
Cheibriados
Makhleb
Okawaru
Ru
Vehumet
Yredelemnul

Annotations:
D:4 Edmund


Innate Abilities, Weirdness & Mutations

You cannot be hasted, slowed, berserked, paralysed or teleported.
You can dig through walls and to a lower floor.
Your four strong arms can wield two-handed weapons with a shield.
You have a pair of large antennae on your head. (SInv)
You are somewhat inexperienced. (-2 XL)


Message History

Edmund hits you with a +3 dire flail of protection!
* * * LOW HITPOINT WARNING * * *
You focus your will and blind Edmund in retribution!
Unknown command.
Throwing (i - inventory. (/) - cycle)
e - 4 boomerangs of dispersal (quivered)
Press: ? - help, Shift-Dir - straight line, f/p - Edmund
Aim: Edmund, wielding a +3 dire flail of protection and wearing a +0 scale mail (heavily wounded, blind)
You throw a boomerang of dispersal.
The boomerang of dispersal hits Edmund but does no damage.
Edmund is heavily wounded.
Edmund hits you but does no damage.
Unknown command.
Throwing (i - inventory. (/) - cycle)
e - 3 boomerangs of dispersal (quivered)
Press: ? - help, Shift-Dir - straight line, f/p - Edmund
Aim: Edmund, wielding a +3 dire flail of protection and wearing a +0 scale mail (heavily wounded, blind)
You throw a boomerang of dispersal.
The boomerang of dispersal hits Edmund but does no damage.
Edmund is heavily wounded.
Edmund hits you with a +3 dire flail of protection!
You die...

.... #.# #.# .#..##.#
###.##### ...##.#
#>......# #..##.#
#.......# #<.##.#
#........
#..##.#####.......#
#..##.............#
#..#####..@..#...#.......#
#........@##.##.##........
.............#####..#.#.##
.........###.# #.#...##
#.#.####.###.#####.##.## #
# .................#
.#..........######
#.............#
#.#..#####.##.# #.#..#
#.##.#


You could see Edmund (blind).

Vanquished Creatures
  A crimson imp (D:3)
  2 orc priests (D:3)
  2 orc wizards (D:3)
  A worker ant (D:4)
  4 adders
  2 oozes (D:3)
  A worm (D:3)
  A dart slug (D:3)
  2 leopard geckos (D:3)
  20 orcs
  2 ball pythons
  8 bats
  3 giant cockroaches (D:1)
  2 goblins
  5 hobgoblins
  4 jackals
  A quokka (D:3)
  4 frilled lizards
  4 kobolds
  7 rats
76 creatures vanquished.

Vanquished Creatures (others)
  An orc priest (D:3)
1 creature vanquished.

Grand Total: 77 creatures vanquished

Notes
Turn   | Place    | Note
-------+----------+-------------------------------------------
     0 | D:1      | Midas the Formicid Warper began the quest for the Orb.
     0 | D:1      | Reached XP level 1. HP: 16/16 MP: 3/3
   266 | D:1      | Reached XP level 2. HP: 22/22 MP: 5/5
   477 | D:1      | Reached skill level 3 in Maces & Flails
   590 | D:1      | Reached XP level 3. HP: 24/27 MP: 6/6
  1011 | D:2      | Found an iron altar of Okawaru.
  1196 | D:2      | Found a sacrificial altar of Ru.
  1205 | D:2      | Became a worshipper of Ru the Awakened
  1956 | D:2      | Reached skill level 4 in Maces & Flails
  1956 | D:2      | Reached XP level 4. HP: 28/33 MP: 7/7
  2457 | D:3      | Reached XP level 5. HP: 36/38 MP: 8/8
  2749 | D:3      | Found a snail-covered altar of Cheibriados.
  2944 | D:3      | Reached skill level 5 in Maces & Flails
  3330 | D:3      | Found a burning altar of Makhleb.
  3330 | D:3      | Found a radiant altar of Vehumet.
  3377 | D:3      | Reached XP level 6. HP: 25/44 MP: 9/9
  3553 | D:3      | Reached skill level 6 in Maces & Flails
  3631 | D:3      | Gained mutation: You are somewhat inexperienced. (-2 XL)
                  | [Ru sacrifice]
  3631 | D:3      | Reached XP level 5. HP: 31/38 MP: 8/8
  3631 | D:3      | Reached XP level 4. HP: 31/33 MP: 7/7
  3631 | D:3      | Reached * piety under Ru
  3631 | D:3      | Reached ** piety under Ru
  3677 | D:3      | Reached XP level 5. HP: 24/38 MP: 8/8
  3957 | D:3      | Found a basalt altar of Yredelemnul.
  4506 | D:4      | Noticed Edmund
  4574 | D:4      | Slain by Edmund

Levels and vault maps discovered:
D:1:      dpeg_arrival_arbitrary_b, layout_loops_ring, minmay_misc_feat_cross
D:2:      layout_loops_ring, marbit_many_paths, lemuel_doored_altar
D:3:      layout_basic, grunt_temple_overflow_lords_of_destruction,
          lemuel_round_altar, lemuel_round_altar, first_ration
D:4:      layout_loops_ring, tgw_sif, kennysheep_generic_room_3, uniq_edmund

Skill      XL: |  1  2  3  4  5  6 |
---------------+-------------------+-----
Maces & Flails | 3 4 5 6 |  6.8
Fighting       | |  2.1
Throwing       | |  1.0
Armour         | |  1.1
Dodging        | |  1.7
Spellcasting   | |  2.1
Translocations | |  2.6

Action                   |  1- 3 |  4- 6 || total
-------------------------+-------+-------++-------
Melee: Mace              |   134 |   257 ||   391
Throw: Boomerang         |       |     3 ||     3
Invok: Sacrifice Experie |       |     1 ||     1
 Abil: Dig               |     1 |       ||     1
  Use: Scroll            |       |     6 ||     6
  Eat: Chunk             |     3 |     7 ||    10
       Ration            |       |     1 ||     1
Armor: Leather armour    |    15 |       ||    15
       Chain mail        |    95 |   148 ||   243
Dodge: Dodged            |    69 |    98 ||   167
